 Dungeon Crawl Stone Soup version 0.25.0-11-g1f837a76a1 (webtiles) character file.

Game seed: 12277231021169108508

238 Delamore the Chopper (level 6, -2/47 HPs)
             Began as a Formicid Fighter on June 24, 2020.
             Slain by a killer bee (4 damage)
             ... on level 3 of the Dungeon.
             The game lasted 00:02:04 (1314 turns).

Delamore the Chopper (Formicid Fighter)             Turns: 1314, Time: 00:02:04

Health: -2/47      AC:  8    Str: 22    XL:     6   Next: 28%
Magic:  6/6        EV:  8    Int:  8    God:
Gold:   101        SH:  9    Dex: 10    Spells: 5/5 levels left

rFire    . . .     SeeInvis +   a - +0 war axe
rCold    . . .     Gourm    .   c - +0 kite shield
rNeg     . . .     Faith    .   b - +0 scale mail
rPois    .         Spirit   .   (helmet unavailable)
rElec    .         Reflect  .   (no cloak)
rCorr    .         Harm     .   o - +0 pair of gloves
MR       +....                  (no boots)
Stlth    ..........             l - amulet of regeneration
HPRegen  0.55/turn              h - ring of protection from magic
MPRegen  0.10/turn              (no ring)

@: mighty, very slightly contaminated, invisible
A: permanent stasis, dig shafts and tunnels, four strong arms, antennae 3
a: Dig, Shaft Self


You were on level 3 of the Dungeon.
You were hungry.

You visited 1 branch of the dungeon, and saw 3 of its levels.

You collected 101 gold pieces.

Inventory:

Hand Weapons
 a - a +0 war axe (weapon)
Missiles
 p - 2 throwing nets (quivered)
Armour
 b - a +0 scale mail (worn)
 c - a +0 kite shield (worn)
 o - a +0 pair of gloves (worn)
Jewellery
 h - a ring of protection from magic (left hand)
 l - an amulet of regeneration (around neck)
 q - an uncursed amulet of the acrobat
Scrolls
 e - a scroll of immolation {unknown}
 i - a scroll of fog {unknown}
 m - a scroll of fear {unknown}
 n - 2 scrolls of remove curse {unknown}
 r - a scroll of identify {unknown}
 s - a scroll of enchant weapon {unknown}
Comestibles
 f - 4 rations
 g - 3 chunks of flesh


   Skills:
 - Level 3.2 Fighting
 + Level 6.1 Axes
 - Level 3.2 Armour
 - Level 3.6 Shields


You had 5 spell levels left.
You didn't know any spells.
Your spell library was empty.

Dungeon Overview and Level Annotations

Branches:
Dungeon (3/15)

Altars:


Innate Abilities, Weirdness & Mutations

You cannot be hasted, slowed, berserked, paralysed or teleported.
You can dig through walls and to a lower floor.
Your four strong arms can wield two-handed weapons with a shield.
You have a pair of large antennae on your head. (SInv)


Message History

Found a bubbling blue potion.
You feel sick.
The killer bee stings you but does no damage.
The killer bee barely misses you.
The killer bee stings you but does no damage.
The killer bee stings you!
* * * LOW HITPOINT WARNING * * *
You are more poisoned.
The killer bee poisons you!
* * * LOW HITPOINT WARNING * * *
You feel sick. The killer bee barely misses you.
* * * LOW HITPOINT WARNING * * *
You feel sick. The killer bee barely misses you.
You feel better. The killer bee stings you!
* * * LOW HITPOINT WARNING * * *
The killer bee stings you but does no damage.
You miss the killer bee. The killer bee barely misses you.
The killer bee stings you.
You die...

#.# #.#
#....y{{..#
#.###)#
#####{#...#
..(...# #{# .#
#(###.# #†#
..###.# #.#
..(...#
########.#
.<....#
#yS.{{.y.#
####.##
#y######.....!.
#.# #@#
#.#..### # #.#
#.#..... #.#
..# .### # #.#
... .# # ###
.## #


You could see 2 killer bees and an adder.

Vanquished Creatures
  2 killer bees (D:3)
  4 gnolls (D:2)
  6 adders
  2 worms
  3 dart slugs (D:2)
  10 bats
  5 giant cockroaches
  7 goblins
  5 hobgoblins
  3 frilled lizards
  4 kobolds
  4 rats
55 creatures vanquished.

Notes
Turn   | Place    | Note
-------+----------+-------------------------------------------
     0 | D:1      | Delamore the Formicid Fighter began the quest for the Orb.
     0 | D:1      | Reached XP level 1. HP: 18/18 MP: 1/1
    95 | D:1      | Reached XP level 2. HP: 24/24 MP: 2/2
   203 | D:1      | Reached skill level 3 in Axes
   294 | D:1      | Reached XP level 3. HP: 29/29 MP: 3/3
   632 | D:2      | Reached skill level 4 in Axes
   632 | D:2      | Reached XP level 4. HP: 35/35 MP: 4/4
   771 | D:2      | Reached XP level 5. HP: 24/41 MP: 5/5
  1111 | D:3      | Reached skill level 5 in Axes
  1285 | D:3      | Reached XP level 6. HP: 25/47 MP: 6/6
  1297 | D:3      | Reached skill level 6 in Axes
  1309 | D:3      | HP: 2/47 [killer bee (8)]
  1314 | D:3      | Slain by a killer bee

Illustrated notes

Levels and vault maps discovered:
D:1:      dpeg_arrival_round_c, layout_rooms, st_stairs_1,
          hangedman_abyss_or_decor_stabs, chequers_arboretum
D:2:      layout_loops_cross, chequers_serial_rivers_micro_b
D:3:      layout_loops_ring, eat_drink_and_be_merry_uskayaw,
          uniq_crazy_yiuf_cottage

Skill      XL: |  1  2  3  4  5  6 |
---------------+-------------------+-----
Axes           | 3 4 5 6 |  6.1
Fighting       | |  3.2
Armour         | |  3.2
Shields        | |  3.6

Action                   |  1- 3 |  4- 6 || total
-------------------------+-------+-------++-------
Melee: War axe           |    53 |   113 ||   166
  Use: Potion            |       |     5 ||     5
  Eat: Chunk             |       |     1 ||     1
Armor: Scale mail        |    25 |    67 ||    92
Dodge: Dodged            |     9 |    66 ||    75
Block: Kite shield       |    24 |    87 ||   111
